 Dungeon Crawl Stone Soup version 0.29.1-15-g9cfb28693d (webtiles) character file.

Game seed: 17887459647441477319

21 ThatPearl the Digger (level 2, 0/30 HPs)
             Began as a Demigod Earth Elementalist on Mar 24, 2023.
             Slain by a gnoll
             ... wielding a +0 club
              (1 damage)
             ... on level 1 of the Dungeon.
             The game lasted 00:02:53 (1225 turns).

ThatPearl the Digger (Demigod Earth Elementalist)   Turns: 1225, Time: 00:02:55

Health: 0/30       AC:  2    Str:  9    XL:     2   Next: 45%
Magic:  7/7        EV: 12    Int: 17    God:
Gold:   27         SH:  0    Dex: 14    Spells: 4/5 levels left

rFire   . . .      SeeInvis .   f - +0 dagger
rCold   . . .      Faith    .   (no shield)
rNeg    . . .      Spirit   .   a - +0 robe
rPois   .          Reflect  .   (no helmet)
rElec   .          Harm     .   (no cloak)
rCorr   .          Rampage  .   (no gloves)
Will    .....                   (no boots)
Stlth   ..........              (no amulet)
HPRegen 0.10/turn               (no ring)
MPRegen 0.10/turn               (no ring)

@: berserking, very quick
A: high MP 1, forlorn, divine attributes
a: no special abilities


You were on level 1 of the Dungeon.
You visited 1 branch of the dungeon, and saw 2 of its levels.

You collected 27 gold pieces.

Inventory:

Hand Weapons
 f - a +0 dagger (weapon)
Missiles
 d - 14 stones
Armour
 a - a +0 robe (worn)
Scrolls
 e - a scroll of identify {unknown}
 h - a scroll of teleportation {unknown}
 i - a scroll of blinking {unknown}
Potions
 b - a potion of magic
 c - a potion of degeneration {unknown}
 g - a potion of berserk rage
 j - a potion of flight {unknown}


   Skills:
 - Level 1.7 Dodging
 - Level 1.7 Stealth
 + Level 2.3 Spellcasting
 - Level 0.8 Transmutations
 + Level 3.2 Earth Magic


You had 4 spell levels left.
You knew the following spells:

 Your Spells              Type           Power      Damage    Failure   Level
a - Sandblast             Erth           24%        2d8       4%          1

Your spell library contained the following spells:

 Spells                   Type           Power      Damage    Failure   Level
 Passwall                 Tmut/Erth      6%         N/A       12%         2
 Stone Arrow              Conj/Erth      14%        3d7       28%         3
 Petrify                  Tmut/Erth      8%         N/A       63%         4


Dungeon Overview and Level Annotations

Branches:
Dungeon (2/15)


Innate Abilities, Weirdness & Mutations

You have an increased reservoir of magic. (+10% MP)
You shall have no god before yourself.
Your divine heritage dramatically boosts your attributes as you level up.


Message History

j - a red potion You enter the shallow water.
Moving in this stuff is going to be slow.
Found a stone staircase leading down.
There is a stone staircase leading down here.
You see here a +0 chain mail.
An endoplasm is nearby!
The endoplasm quivers.
Aiming: Sandblast (safe; 4% risk of failure)
Press: ? - help, Q - select action, (/) - cycle Shift-Dir - straight line, f - endoplasm
Aim: an endoplasm (98% to hit)
The blast of sand hits the endoplasm!
You kill the endoplasm!
There is a stone staircase leading down here.
Partly explored, can't reach some places.
Partly explored, can't reach some places.
(D) Dungeon
Where to? (? - help)
There is a stone staircase leading down here.
You climb downwards.
There is a stone staircase leading up here.
There are monsters nearby!
The helpless gnoll fails to defend itself.
You puncture the gnoll!
The gnoll is heavily wounded.
The goblin shouts!
The gnoll shouts! x2
The gnoll hits you with a +0 club. The gnoll closely misses you.
The adder bites you.
The gnoll hits you from afar with a +0 halberd!
* * * LOW HITPOINT WARNING * * *
The gnoll hits you but does no damage. x2; The gnoll closely misses you.
You climb upwards.
There is a stone staircase leading down here.
It was a potion of berserk rage.
A red film seems to cover your vision as you go berserk!
You feel yourself moving faster!
You feel mighty! The adder closely misses you.
The gnoll hits you with a +0 spear!
* * * LOW HITPOINT WARNING * * *
The gnoll hits you with a +0 club.
You die...

#.........# #...### #[≈≈≈≈
##......### #...# #.~≈#≈
#.###..## #...# #.~≈#≈ #.#
#..≈## #...# #.~~#≈ ##.#
#.≈≈≈# #...# #.~≈≈≈ .>.#
#.~≈#########...#######.~###
...#
#~≈.##..................~≈≈~
...#
#~~........gg..........#####
..##
#≈..##....g@S...P.P♣♣....#..
..#
#~.#########.....♣♣♣P.P..#..
### ##≈~.# #.P.P♣♣ ♣♣PPP...#
# #≈~..# ♣P♣.♣.♣♣♣♣....### #
#≈...# #.P♣..P.♣..##.### #
#≈#.## #........###...#. #
###.# ##...##### #..... ##
#.# #######...# #...##
.######.# #........## ###...


You could see 3 gnolls and an adder.

Vanquished Creatures
  2 endoplasms (D:1)
  3 goblins (D:1)
  3 hobgoblins (D:1)
  A ball python (D:1)
  6 bats (D:1)
  2 kobolds (D:1)
  2 rats (D:1)
19 creatures vanquished.

Vanquished Creatures (others)
  A plant (D:1)
1 creature vanquished.

Grand Total: 20 creatures vanquished

Notes
Turn   | Place    | Note
-------+----------+-------------------------------------------
     0 | D:1      | ThatPearl the Demigod Earth Elementalist began the quest
                  | for the Orb.
     0 | D:1      | Reached XP level 1. HP: 14/14 MP: 5/5
   179 | D:1      | Reached skill level 3 in Earth Magic
   491 | D:1      | Reached XP level 2. HP: 20/20 MP: 4/7
  1225 | D:1      | HP: 1/30 [gnoll/+0 spear (7)]
  1225 | D:1      | Slain by a gnoll

Illustrated notes

Levels and vault maps discovered:
D:1:      ebering_hopf_link, layout_loops_cross,
          hellmonk_ecumenical_altar_zigzags, serial_forest,
          infiniplex_forest_straight_1, infiniplex_forest_zigzag_1,
          infiniplex_forest_clump_long, infiniplex_forest_straight_3,
          infiniplex_forest_lined_ring, infiniplex_forest_end_2,
          infiniplex_forest_clump_tiny, infiniplex_forest_clump_large,
          hex_large, chequers_serial_rivers_small_a, minmay_crystal_water
D:2:      layout_loops_corners, minmay_crystal_room

Skill      XL: |  1 |
---------------+----+-----
Spellcasting   | 2 |  2.3
Earth Magic    | 3 |  3.2
Dodging        | |  1.7
Stealth        | |  1.7
Transmutations | |  0.8

Action                   || total
-------------------------++-------
Melee: Unarmed           ||     8
       Dagger            ||     8
 Cast: Sandblast         ||    26
  Use: Potion            ||     1
 Stab: Sleeping          ||     1
Armor: Robe              ||    12
Dodge: Dodged            ||    20
